 Dungeon Crawl Stone Soup version 0.20.1-1-g8b1a95d (webtiles) character file.

203 mikkokoo the Bolt Thrower (level 6, 0/37 HPs)
             Began as a Kobold Hunter on Oct 19, 2017.
             Was an Initiate of Okawaru.
             Succumbed to a worker ant's poison
             ... on level 5 of the Dungeon.
             The game lasted 00:11:06 (1997 turns).

mikkokoo the Bolt Thrower (Kobold Hunter)           Turns: 1997, Time: 00:11:07

Health: 0/37       AC:  5    Str:  9    XL:     6   Next: 8%
Magic:  6/6        EV: 15    Int: 13    God:    Okawaru [......]
Gold:   72         SH:  0    Dex: 17    Spells: 5/5 levels left

rFire    . . .     SeeInvis .   a - +1 hand crossbow
rCold    . . .     Gourm    .   (shield restricted)
rNeg     . . .     Faith    .   c - +0 leather armour
rPois    .         Spirit   .   (no helmet)
rElec    .         Reflect  .   o - +0 cloak
rCorr    .         Harm     .   (no gloves)
MR       .....                  k - +0 pair of boots
Stlth    ++........             i - amulet of magic regeneration
Regen    0.2/turn               (no ring)
MPRegen  0.2/turn               (no ring)

@: lethally poisoned (0 -> -8)
A: carnivore 3
a: Renounce Religion


You were on level 5 of the Dungeon.
You worshipped Okawaru.
Okawaru was noncommittal.
You were full.

You visited 1 branch of the dungeon, and saw 5 of its levels.

You collected 72 gold pieces.

Inventory:

Hand Weapons
 a - a +1 hand crossbow (weapon)
 b - a +0 short sword
Missiles
 d - 97 bolts (quivered)
Armour
 c - a +0 leather armour (worn)
 k - a +0 pair of boots (worn)
 o - a +0 cloak (worn)
Jewellery
 i - an amulet of magic regeneration (around neck)
 n - a cursed +3 ring of evasion
Scrolls
 l - 3 scrolls of identify
 p - a scroll of remove curse
Potions
 e - 2 potions of curing {unknown}
 h - 2 potions of haste {unknown}
 m - a potion of degeneration {unknown}
 q - a potion of berserk rage {unknown}
Comestibles
 f - a meat ration
 g - 2 fruits
 j - 3 royal jellies
 r - a bread ration


   Skills:
 + Level 3.0 Fighting
 + Level 7.5 Crossbows
 + Level 1.0 Armour
 + Level 2.7 Dodging
 + Level 1.7 Stealth


You had 5 spell levels left.
You didn't know any spells.

Dungeon Overview and Level Annotations

Branches:
Dungeon (5/15)
 Temple: D:4-7

Altars:
Dithmenos
Kikubaaqudgha
Okawaru


Innate Abilities, Weirdness & Mutations

You are small and have problems with some larger weapons.
You are carnivorous and can eat meat at any time.


Message History

Your Armour skill increases to level 1!
You have reached level 6!
Your experience leads to an increase in your attributes!
Increase (S)trength, (I)ntelligence, or (D)exterity?
You feel agile.
d - 88 bolts (gained 4)
d - 96 bolts (gained 8)
d - 97 bolts (gained 1)
You eat one of the 2 meat rations.
That meat ration really hit the spot!
Dithmenos weaves monsters from the shadows.
The bullfrog skeleton barely misses you.
The worker ant bites you.
* * * LOW HITPOINT WARNING * * *
You are lethally poisoned!
The worker ant poisons you!
* * * LOW HITPOINT WARNING * * *
You feel sick.
The bullfrog skeleton closely misses you.
The worker ant misses you.
You die...

##........#
###
##........##
#.........#
#.........#
#.........#
##.......##
#.....>.#
#.......#
##....@Z#
#...#a.#
##..#.##
####.# #.#
###


You could see a worker ant and a bullfrog skeleton.

Vanquished Creatures
  An ogre (D:4)
  An orc wizard (D:4)
  An iguana (D:5)
  3 adders
  A dart slug (D:3)
  2 leopard geckos (D:1)
  3 orcs (D:4)
  A bat zombie (D:4)
  A giant cockroach (D:3)
  4 goblins
  6 hobgoblins
  6 kobolds
  A quokka (D:5)
  3 bats
  A frilled lizard (D:1)
  3 rats
38 creatures vanquished.

Notes
Turn   | Place    | Note
-------+----------+-------------------------------------------
     0 | D:1      | mikkokoo the Kobold Hunter began the quest for the Orb.
     0 | D:1      | Reached XP level 1. HP: 12/12 MP: 1/1
   135 | D:1      | Reached skill level 5 in Crossbows
   255 | D:1      | Reached XP level 2. HP: 17/17 MP: 2/2
   466 | D:2      | Reached XP level 3. HP: 17/21 MP: 3/3
   600 | D:2      | Found a shadowy altar of Dithmenos.
   636 | D:2      | Became a worshipper of Dithmenos the Shadowed
  1198 | D:3      | Reached skill level 6 in Crossbows
  1198 | D:3      | Reached XP level 4. HP: 27/27 MP: 4/4
  1583 | D:4      | Noticed an ogre
  1596 | D:4      | Killed an ogre
  1596 | D:4      | Reached skill level 7 in Crossbows
  1596 | D:4      | Reached XP level 5. HP: 26/32 MP: 5/5
  1743 | D:4      | Found an ancient bone altar of Kikubaaqudgha.
  1882 | D:5      | Entered Level 5 of the Dungeon
  1908 | D:5      | Found an iron altar of Okawaru.
  1950 | D:5      | Fell from the grace of Dithmenos
  1950 | D:5      | Became a worshipper of Warmaster Okawaru
  1973 | D:5      | Reached skill level 1 in Armour
  1973 | D:5      | Reached XP level 6. HP: 3/37 MP: 6/6
  1996 | D:5      | HP: 1/37 [poisoned by a worker ant]
  1997 | D:5      | Succumbed to a worker ant's poison

Skill      XL: |  1  2  3  4  5 |
---------------+----------------+-----
Crossbows      | 5 6 7 |  7.5
Fighting       | 3 |  3.0
Armour         | 1 |  1.0
Dodging        | |  2.7
Stealth        | |  1.7

Action                   |  1- 3 |  4- 6 || total
-------------------------+-------+-------++-------
 Fire: Hand crossbow     |    62 |    40 ||   102
  Use: Scroll            |     3 |     2 ||     5
  Eat: Royal jelly       |       |     1 ||     1
       Meat ration       |       |     1 ||     1
Armor: Leather armour    |     9 |     4 ||    13
Dodge: Dodged            |    26 |    17 ||    43
